 Dungeon Crawl Stone Soup version 0.32-a0-33-g74fbe46 (webtiles) character file.

Game seed: 6467876244568140627

840 Dorkslayer the Ruffian (level 8, -1/50 HPs)
             Began as an Octopode Shapeshifter on Jan 20, 2024.
             Was an Initiate of Dithmenos.
             Slain by an ice beast (5 damage)
             ... on level 5 of the Dungeon.
             The game lasted 00:12:05 (3853 turns).

Dorkslayer the Ruffian (Octopode Shapeshifter)      Turns: 3853, Time: 00:12:05

Health: -1/50      AC:  1    Str: 15    XL:     8   Next: 0%
Magic:  17/17      EV: 11    Int: 13    God:    Dithmenos [......]
Gold:   125        SH:  8    Dex: 11    Spells: 7/7 levels left

rFire   . .          .
                       - Unarmed
rCold   . . .        o - +0 kite shield
rNeg    . . .        (helmet currently unavailable)
rPois   .            (no amulet)
rElec   .            k - ring of magical power
rCorr   .            (no ring)
SInv    .            (no ring)
Will    .....        (no ring)
Stlth   ++++         (no ring)
HPRegen 0.28/turn    (no ring)
MPRegen 0.15/turn    (no ring)
                     (no ring)

%: no passive effects
@: beast-form
A: beast (slay +2), almost no armour, amphibious, 8 rings, camouflage 1,
gelatinous body 1, (nimble swimmer 1), tentacles
a: Begin Untransformation, Renounce Religion


You were on level 5 of the Dungeon.
You worshipped Dithmenos.
Dithmenos was noncommittal.
You were a hulking beast.
You visited 2 branches of the dungeon, and saw 6 of its levels.
You also visited: Sewer.

You collected 125 gold pieces.

Inventory:

Hand Weapons
 l - a +0 flail
Missiles
 h - 2 javelins (quivered)
Armour
 e - a +1 hat of stealth
 o - a +0 kite shield (worn)
Jewellery
 k - a ring of magical power (left tentacle)
Talismans
 b - a beast talisman
 c - a flux talisman
Scrolls
 i - 2 scrolls of teleportation
Potions
 a - a potion of lignification
 d - a potion of enlightenment
 g - 2 potions of cancellation
 j - 2 potions of invisibility {unknown}
 m - a potion of degeneration {unknown}
 p - a potion of resistance {unknown}
 q - a potion of mutation {unknown}
 r - 2 potions of might {unknown}
 s - a potion of heal wounds {unknown}


   Skills:
 + Level 1.8 Fighting
 + Level 2.6 Dodging
 + Level 4.6 Stealth
 * Level 2.2 Shields
 * Level 7.2 Unarmed Combat
 + Level 3.9 Shapeshifting


You had 7 spell levels left.
You didn't know any spells.
Your spell library contained the following spells:

 Spells                   Type           Power      Damage    Failure   Level
 Apportation              Tloc           0%         N/A       69%         1
 Magic Dart               Conj           0%         1d3       69%         1
 Sting                    Conj/Alch      0%         1d3       69%         1
 Blink                    Tloc           0%         N/A       83%         2
 Call Imp                 Summ           0%         N/A       83%         2
 Jinxbite                 Hex            0%         N/A       83%         2
 Mercury Vapours          Alch/Air       0%         N/A       83%         2
 Inner Flame              Hex/Fire       0%         N/A       96%         3
 Volatile Blastmotes      Fire/Tloc      0%         2d10      96%         3
 Flame Wave               Conj/Fire      0%         2d4       100%        4
 Fulminant Prism          Conj/Alch      0%         3d5       100%        4
 Iskenderun's Mystic Bla  Conj/Tloc      0%         2d3       100%        4
 Olgreb's Toxic Radiance  Alch           0%         N/A       100%        4
 Sticky Flame             Fire/Alch      0%         2d4       100%        4
 Alistair's Intoxication  Alch           0%         N/A       100%        5


Dungeon Overview and Level Annotations

Branches:
Dungeon (5/15)             Temple (1/1) D:5           Sewer (visited)

Altars:
Cheibriados
Dithmenos
Nemelex Xobeh
Okawaru
Sif Muna
Uskayaw
Wu Jian
Xom
Zin
Lugonu

Annotations:
D:4 1 runed translucent door, ironshield's ghost, amateur DECj


Innate Abilities, Weirdness & Mutations

You are a hulking beast.
Your limbs bulge with bestial killing power. (Slay +2)
You cannot wear most types of armour.
You are amphibious.
You can wear up to eight rings at the same time.
Your skin changes colour to match your surroundings (Stealth+).
Your rubbery body absorbs attacks. (AC +1, EV +1)
((You are camouflaged when in or above water. (Stealth+)))
You have tentacles for arms and can constrict up to eight enemies at once.


Message History

You bludgeon the shadow imp!
You kill the shadow imp!
Dithmenos accepts your kill.
Found a stone staircase leading down.
Found a short sword.
A quokka comes into view.
You tentacle-slap the quokka. Your grab misses the quokka.
The quokka is almost dead.
The quokka bites you.
You bludgeon the quokka!
You kill the quokka!
Dithmenos accepts your kill.
You have reached level 8!
HP restored.
You see here a quokka corpse.
An ice beast comes into view.
The ice beast hits you. The ice beast freezes you.
You tentacle-slap the ice beast. You squeeze the ice beast.
The ice beast is moderately wounded.
The ice beast barely misses you.
You bludgeon the ice beast! Your squeeze misses the ice beast.
The ice beast is heavily wounded.
The ice beast hits you. The ice beast freezes you!
You closely miss the ice beast. Your squeeze misses the ice beast.
The ice beast is heavily wounded.
The ice beast hits you. The ice beast freezes you!
* * * LOW HITPOINT WARNING * * *
You tentacle-slap the ice beast.
The ice beast is severely wounded.
You block the ice beast's attack.
You tentacle-slap the ice beast.
The ice beast is almost dead.
The ice beast hits you.
* * * LOW HITPOINT WARNING * * *
The ice beast freezes you!
* * * LOW HITPOINT WARNING * * *
You tentacle-slap the ice beast.
The ice beast is almost dead.
The ice beast hits you.
You die...

#.##.....##.####.
#.###.#..##...... #.#
#.#..###.....
#.###.#.)....###.
#.#.......#### #.
#.#.##.......# #. #.###
#...###..###+###.
#.....##...###..#.....#.
#..Yh.......##.....#.
#....###..#####.#.....##
#.# #..# ##..>..'.
#..#######.....##
#........#.....##
...#.....#.....##
#####.[...###'###. #
#.........#.# ## #.
##...........# #


You could see an ice beast.

Vanquished Creatures
  A black bear (D:4)
  2 phantoms (D:5)
  A scorpion (D:5)
  2 hounds (D:5)
  3 jellies
  A gnoll bouda (D:5)
  An orc priest (D:3)
  A sleepcap (D:5)
  An iguana (D:4)
  7 gnolls
  2 river rats (Sewer)
  9 adders
  A shadow imp (D:5)
  4 dart slugs
  4 ribbon worms
  4 orcs
  A bat (D:3)
  15 endoplasms
  4 giant cockroaches
  5 goblins
  8 hobgoblins
  12 kobolds
  3 quokkas
  11 ball pythons
  7 frilled lizards
  8 rats
118 creatures vanquished.

Notes
Turn   | Place    | Note
-------+----------+-------------------------------------------
     0 | D:1      | Dorkslayer the Octopode Shapeshifter began the quest for
                  | the Orb.
     0 | D:1      | Reached XP level 1. HP: 13/13 MP: 1/1
    89 | D:1      | Reached XP level 2. HP: 18/18 MP: 2/2
   451 | D:1      | Reached XP level 3. HP: 2/23 MP: 3/3
   451 | D:1      | HP: 1/23 [giant cockroach (1)]
   660 | D:2      | Found a faded altar of an unknown god.
   711 | D:2      | You fall into a shaft and drop 1 floor!
   749 | D:3      | Found an ornate altar of the Wu Jian Council.
   758 | D:3      | Reached skill level 4 in Unarmed Combat
   758 | D:3      | Reached XP level 4. HP: 24/28 MP: 4/4
   805 | D:3      | Reached skill level 1 in Stealth
  1379 | D:2      | Reached XP level 5. HP: 33/33 MP: 5/5
  1949 | D:3      | Found a sparkling altar of Nemelex Xobeh.
  1994 | D:4      | Identified a scroll of acquirement
  1994 | D:4      | Acquired a +1 hat of stealth
  2147 | D:4      | Reached skill level 5 in Unarmed Combat
  2171 | D:4      | Found a runed translucent door.
  2172 | D:4      | Noticed ironshield's ghost (amateur DECj)
  2190 | D:4      | Found a glowing drain.
  2198 | Sewer    | Entered a sewer
  2332 | Sewer    | Reached XP level 6. HP: 36/38 MP: 6/6
  2343 | Sewer    | Found a viscous altar of Jiyva.
  2961 | D:4      | Noticed a black bear
  2985 | D:4      | Killed a black bear
  2986 | D:4      | Reached skill level 1 in Shields
  2986 | D:4      | Reached skill level 6 in Unarmed Combat
  2986 | D:4      | Reached XP level 7. HP: 31/43 MP: 7/7
  3221 | D:5      | Entered Level 5 of the Dungeon
  3547 | D:5      | Found an iron altar of Okawaru.
  3648 | D:5      | Reached skill level 7 in Unarmed Combat
  3715 | D:5      | Found a staircase to the Ecumenical Temple.
  3725 | Temple   | Entered the Ecumenical Temple
  3738 | Temple   | Became a worshipper of Dithmenos the Shadowed
  3818 | D:5      | Reached XP level 8. HP: 47/50 MP: 8/8
  3853 | D:5      | Slain by an ice beast

Illustrated notes

Levels and vault maps discovered:
D:1:      dpeg_cavernosity, layout_rooms
D:2:      layout_basic, basic_ecumenical_altar, nicolae_kite_square_tiling_tiny,
          wad_floor_pattern_untrapped
D:3:      layout_rooms, nemelex_dance_club_becter, marbit_many_paths,
          roderic_roman_lattice
D:4:      layout_gridville, gammafunk_ghost_grave, cheibrodos_sewer_entry_bend
D:5:      layout_loops_ring, mainiacjoe_overflow_surrounded_room, temple_green,
          small_statue_alley_b
Temple:   corrupted_temple

Skill      XL: |  1  2  3  4  5  6  7 |
---------------+----------------------+-----
Unarmed Combat | 4 5 6 7 |  7.2
Stealth        | 1 2 4 |  4.6
Shields        | 1 2 |  2.2
Fighting       | |  1.8
Dodging        | |  2.6
Shapeshifting  | |  3.9

Action                     |  1- 3 |  4- 6 |  7- 9 || total
---------------------------+-------+-------+-------++-------
  Melee: Unarmed           |    37 |   124 |    66 ||   227
         Constrict         |     9 |    32 |    14 ||    55
         Tentacles         |     6 |    29 |    13 ||    48
         Punch             |     1 |     6 |     2 ||     9
  Throw: Javelin           |       |     1 |       ||     1
    Use: Scroll            |     1 |    11 |     2 ||    14
         Potion            |       |     1 |     5 ||     6
   Stab: Sleeping          |     5 |    16 |     3 ||    24
         Distracted        |       |     1 |       ||     1
 Armour: Skin              |     9 |    41 |    31 ||    81
  Dodge: Dodged            |    11 |    48 |    19 ||    78
  Block: Kite shield       |       |    23 |    23 ||    46

Table legend: (Time is in decaauts)
 A = Elapsed time spent in this place.
 B = Non-inter-level travel time spent in this place.
 C = Inter-level travel time spent in this place.
 D = Time resting spent in this place.
 E = Time spent auto-exploring this place.
 F = Levels seen in this place.
 G = Mean time per level.
                   A        B        C        D        E       F      G
               +--------+--------+--------+--------+--------+-----+--------+
         Total |   3869 |   3869 |      0 |     50 |   2062 |   7 |  552.7 |
       Dungeon |   3554 |   3554 |      0 |      0 |   2029 |   5 |  710.8 |
        Temple |     25 |     25 |      0 |      0 |      0 |   1 |   25.0 |
         Sewer |    289 |    289 |      0 |     50 |     33 |   1 |  289.0 |
               +--------+--------+--------+--------+--------+-----+--------+

Top non-repeatable levels by time:
     D:4: 957 daAuts
     D:3: 683 daAuts
     D:2: 666 daAuts
     D:1: 638 daAuts
     D:5: 609 daAuts
   Sewer: 289 daAuts
  Temple: 25 daAuts
